 Dungeon Crawl Stone Soup version 0.21-a0-352-g5b8f553 (webtiles) character file.

121 GordonOverkill the Skirmisher (level 4, -3/37 HPs)
             Began as a Minotaur Fire Elementalist on Oct 11, 2017.
             Slain by yrara's ghost (13 damage)
             ... on level 3 of the Dungeon.
             The game lasted 00:05:05 (2450 turns).

GordonOverkill the Skirmisher (MiFE)                Turns: 2450, Time: 00:05:06

Health: -3/37      AC:  3    Str: 13    XL:     4   Next: 77%
Magic:  5/5        EV: 12    Int: 12    God:
Gold:   123        SH:  0    Dex: 11    Spells: 5/6 levels left

rFire    . . .     SeeInvis .   y - +0 war axe
rCold    . . .     Gourm    .   (no shield)
rNeg     . . .     Faith    .   h - +0 leather armour
rPois    .         Spirit   .   (helmet restricted)
rElec    .         Reflect  .   (no cloak)
rCorr    .         Harm     .   (no gloves)
MR       .....                  (no boots)
Stlth    +.........             (no amulet)
HPRegen  0.12/turn              q - +5 ring of slaying
MPRegen  0.09/turn              (no ring)

@: no status effects
A: retaliatory headbutt, horns 2
a: no special abilities


You were on level 3 of the Dungeon.
You were not hungry.

You visited 1 branch of the dungeon, and saw 3 of its levels.

You collected 123 gold pieces.

Inventory:

Hand Weapons
 y - a +0 war axe (weapon)
Missiles
 v - 5 exploding tomahawks (quivered)
Armour
 h - a +0 leather armour (worn)
 x - a +0 shield
Jewellery
 a - an uncursed amulet of guardian spirit {unknown}
 q - a +5 ring of slaying (left hand)
Scrolls
 e - 3 scrolls of teleportation {unknown}
 f - a scroll of immolation {unknown}
 i - a scroll of magic mapping {unknown}
 j - a scroll of recharging {unknown}
 k - 3 scrolls of remove curse {unknown}
 s - a scroll of fog {unknown}
 t - a scroll of blinking {unknown}
 u - a scroll of identify {unknown}
Potions
 d - 3 potions of haste {unknown}
 g - a potion of heal wounds {unknown}
 l - a potion of brilliance {unknown}
 o - 2 potions of curing {unknown}
 p - a potion of degeneration {unknown}
 r - 2 potions of agility {unknown}
 z - 2 potions of lignification {unknown}
Books
 b - a book of Flames

   Spells                             Type                      Level
   a - Flame Tongue                   Conjuration/Fire             1
   b - Throw Flame                    Conjuration/Fire             2
   c - Conjure Flame                  Conjuration/Fire             3
   d - Inner Flame                    Hexes/Fire                   3
   e - Sticky Flame                   Conjuration/Fire             4
   f - Fireball                       Conjuration/Fire             5
Comestibles
 c - 3 bread rations
 m - a fruit
 n - a royal jelly
 w - 2 chunks of flesh


   Skills:
 - Level 2.7 Fighting
 + Level 2.0 Axes
 - Level 2.1 Dodging
 - Level 1.5 Stealth
 - Level 2.5 Shields
 - Level 1.5 Spellcasting
 - Level 1.3 Conjurations
 - Level 2.3 Fire Magic


You had 5 spell levels left.
You knew the following spells:

 Your Spells              Type           Power        Failure   Level  Hunger
a - Flame Tongue          Conj/Fire      #....        17%         1    ##.....


Dungeon Overview and Level Annotations

Branches:
Dungeon (3/15)

Altars:

Annotations:
D:3 yrara's ghost, amateur HOFi


Innate Abilities, Weirdness & Mutations

You reflexively headbutt those who attack you in melee.
You have a pair of horns on your head.


Message History

Found a stone staircase leading up.
r - 2 brown potions (gained 1) Yrara's ghost (amateur Hill Orc Fighter) comes into view.
There is a stone staircase leading up here.
You climb upwards.
There is a stone staircase leading down here.
There is a stone staircase leading down here.
You climb downwards.
Level annotation: yrara's ghost, amateur HOFi A quokka comes into view.
The quokka barely misses you. Yrara's ghost hits you!
The quokka barely misses you.
Found a robe.
Found a stone staircase leading down.
There is a stone staircase leading up, spattered with blood here.
You closely miss yrara's ghost. You headbutt yrara's ghost.
Yrara's ghost is lightly damaged.
You hit the quokka. Yrara's ghost hits you! The quokka bites you.
* * * LOW HITPOINT WARNING * * *
The quokka closely misses you. Yrara's ghost hits you!
You die...

... #####....#
$. #....# #
#....# #....#
##########....#
[......#...!.#
##.............
#.r.............
#..@............
#.W........
#..........
#..........
#..........
##.........
##.>...#..
#########


You could see yrara's ghost and a quokka.

Vanquished Creatures
  7 adders (D:2)
  An ooze (D:1)
  4 worms (D:2)
  2 dart slugs
  A leopard gecko (D:1)
  5 goblins
  7 hobgoblins
  A kobold (D:2)
  2 quokkas (D:2)
  A ball python (D:2)
  6 bats
  2 frilled lizards (D:2)
  4 rats
43 creatures vanquished.

Notes
Turn   | Place    | Note
-------+----------+-------------------------------------------
     0 | D:1      | GordonOverkill the Minotaur Fire Elementalist began the quest for the Orb.
     0 | D:1      | Reached XP level 1. HP: 14/14 MP: 1/1
   142 | D:1      | Reached skill level 1 in Conjurations
   219 | D:1      | Reached XP level 2. HP: 20/20 MP: 1/3
   925 | D:1      | Reached skill level 1 in Fighting
  1104 | D:2      | Reached XP level 3. HP: 27/29 MP: 4/4
  1387 | D:2      | Reached skill level 1 in Shields
  1445 | D:2      | Reached XP level 4. HP: 37/37 MP: 5/5
  1897 | D:2      | Reached skill level 1 in Axes
  2390 | D:3      | Noticed yrara's ghost (amateur HOFi)
  2450 | D:3      | Slain by yrara's ghost

Vault maps used:
D:1:      evilmike_arrival_crescent, minmay_distorted
D:3:      grunt_temple_overflow_gold_and_silver, minitemple

Skill      XL: |  1  2  3  4 |
---------------+-------------+-----
Conjurations   | 1 |  1.3
Fighting       | 2 |  2.7
Shields        | 1 2 |  2.5
Axes           | 2 |  2.0
Dodging        | |  2.1
Stealth        | |  1.5
Spellcasting   | |  1.5
Fire Magic     | |  2.3

Action                   |  1- 3 |  4- 6 || total
-------------------------+-------+-------++-------
Melee: Unarmed           |     4 |       ||     4
       Headbutt          |     9 |     6 ||    15
       Dagger            |    34 |    32 ||    66
       War axe           |       |    15 ||    15
 Cast: Flame Tongue      |    15 |       ||    15
 Stab: Sleeping          |     3 |       ||     3
  Eat: Chunk             |     2 |     3 ||     5
Armor: Robe              |     5 |     1 ||     6
Dodge: Dodged            |    21 |    29 ||    50

Table legend:
 A = Spawn XP
 B = Non-spawn XP
 C = Spawn XP percentage of total XP
 D = Spawn monster count
 E = Non-spawn monster count
 F = Spawn count percentage of total count
 G = Total turns spent on level
                    A         B        C        D         E        F      G
               +---------+---------+-------+---------+---------+-------+---------
         Total |       0 |     174 |   0.0 |       0 |      43 |   0.0 |  2450
               +---------+---------+-------+---------+---------+-------+---------
           D:1 |       0 |      29 |   0.0 |       0 |      13 |   0.0 |  1213
           D:2 |       0 |     143 |   0.0 |       0 |      29 |   0.0 |  1205
           D:3 |       0 |       2 |   0.0 |       0 |       1 |   0.0 |    32
               +---------+---------+-------+---------+---------+-------+---------
